 Dungeon Crawl Stone Soup version 0.28-a0-622-gbaef9634d7 (webtiles) character file.

Game seed: 7450203733698109256

39 KristoblXynda the Slasher (level 3, 0/45 HPs)
             Began as a Draconian Gladiator on Oct 7, 2021.
             Succumbed to an adder's poison
             ... on level 2 of the Dungeon.
             The game lasted 00:00:57 (908 turns).

KristoblXynda the Slasher (Draconian Gladiator)      Turns: 908, Time: 00:00:58

Health: 0/45       AC: 21    Str: 14 (16) XL:     3   Next: 26%
Magic:  3/3        EV:  2    Int:  7 (9)  God:
Gold:   59         SH:  0    Dex:  9 (12) Spells: 2/2 levels left

rFire   . . .      SeeInvis .   a - +0 long sword
rCold   . . .      Faith    .   (no shield)
rNeg    . . .      Spirit   .   (armour unavailable)
rPois   +          Reflect  .   (helmet currently unavailable)
rElec   .          Harm     .   (cloak currently unavailable)
rCorr   +          Rampage  .   (gloves currently unavailable)
Will    .....      NoTele   +   (boots currently unavailable)
Stlth   +.........              (no amulet)
HPRegen 0.15/turn               j - ring of resist corrosion
MPRegen 0.08/turn               (no ring)

@: mighty, brilliant, lethally poisoned (0 -> 0), tree-form
A: stationary, stasis, torment immunity, boosted hp, AC +5, unfitting armour,
(cold-blooded)
a: no special abilities


You were on level 2 of the Dungeon.
You were a tree.
You visited 1 branch of the dungeon, and saw 2 of its levels.

You collected 59 gold pieces.

Inventory:

Hand Weapons
 a - a +0 long sword (weapon)
Missiles
 c - 3 throwing nets (quivered)
Armour
 b - a +0 hat (melded)
Jewellery
 j - a ring of resist corrosion (left branch)
Scrolls
 e - a scroll of fear {unknown}
 g - a scroll of identify {unknown}
 k - a scroll of noise {unknown}


   Skills:
 + Level 2.8 Fighting
 * Level 3.6 Long Blades
 - Level 2.0 Throwing
 + Level 3.0 Dodging


You had 2 spell levels left.
You didn't know any spells.
Your spell library was empty.

Dungeon Overview and Level Annotations

Branches:
Dungeon (2/15)

Altars:
Nemelex Xobeh

Shops:
D:1 [


Innate Abilities, Weirdness & Mutations

You are a tree.
Your roots penetrate the ground, keeping you stationary.
You cannot be teleported.
You are immune to unholy pain and torment.
Your maximum health is greatly increased.
Your equipment is partially melded.
((Your plain brown scales are hard. (AC +5)))
You cannot fit into any form of body armour.
((You are cold-blooded and may be slowed by cold attacks.))


Message History

You barely miss the adder. You tail-slap the adder.
The adder is heavily wounded.
The adder bites you.
You are poisoned.
The adder poisons you! The adder barely misses you.
You completely miss the adder.
The adder is heavily wounded.
You feel sick. The adder bites you but does no damage. The adder bites you.
You are lethally poisoned!
The adder poisons you!
It was a potion of degeneration.
There was something very wrong with that liquid.
You feel weakened.
You feel dopey.
You feel clumsy.
* * * LOW HITPOINT WARNING * * *
You feel sick. The adder completely misses you.
It was a potion of brilliance.
You feel clever all of a sudden.
* * * LOW HITPOINT WARNING * * *
You feel sick. The adder bites you but does no damage.
It was a potion of might.
You feel very mighty all of a sudden.
* * * LOW HITPOINT WARNING * * *
You feel sick. The adder bites you.
* * * LOW HITPOINT WARNING * * *
It was a potion of lignification.
You turn into a tree.
Your +0 hat melds into your body.
Your roots penetrate the ground.
* * * LOW HITPOINT WARNING * * *
You feel sick.
The adder bites you but does no damage. x2
Unknown command.
You hit the adder.
You kill the adder!
* * * LOW HITPOINT WARNING * * *
You feel sick. The adder bites you but does no damage.
You completely miss the adder.
The adder is heavily wounded.
* * * LOW HITPOINT WARNING * * *
You feel sick. The adder bites you but does no damage.
You slash the adder!
You kill the adder!
You die...

#.# #........
####.###........
#......†..###### .
#..............# .[#
###....#.........#
....
.......#.........#
...[
###..............#
#..###g...#...$.....#
#...♣†Kg........[...#
##.########.>........
# #..........
#..........
#..........
######..... #.....
#..... ##....


You could see 2 hobgoblins and a kobold.

Vanquished Creatures
  3 adders (D:2)
  An endoplasm (D:2)
  2 goblins (D:1)
  3 hobgoblins
  2 jackals (D:2)
  2 kobolds
  A quokka (D:2)
  3 ball pythons (D:1)
  A bat (D:1)
  2 frilled lizards
  3 rats (D:1)
23 creatures vanquished.

Notes
Turn   | Place    | Note
-------+----------+-------------------------------------------
     0 | D:1      | KristoblXynda the Draconian Gladiator began the quest for
                  | the Orb.
     0 | D:1      | Reached XP level 1. HP: 17/17 MP: 1/1
   269 | D:1      | Found Qufopt's Antique Armour Emporium.
   368 | D:1      | Reached XP level 2. HP: 25/25 MP: 2/2
   784 | D:2      | Found a sparkling altar of Nemelex Xobeh.
   872 | D:2      | Reached XP level 3. HP: 30/30 MP: 3/3
   907 | D:2      | HP: 1/45 [poisoned by an adder]
   908 | D:2      | Succumbed to an adder's poison

Illustrated notes

Levels and vault maps discovered:
D:1:      co_arrival_two_rings, layout_rooms, serial_shops, shop
D:2:      layout_rooms, ebering_ecumenical_altar_rust, basic_altar,
          minmay_distorted, uniq_sigmund

Skill      XL: |  1  2 |
---------------+-------+-----
Throwing       | 2 |  2.0
Dodging        | 3 |  3.0
Fighting       | |  2.8
Long Blades    | |  3.6

Action                   || total
-------------------------++-------
Melee: Long sword        ||    59
       Tailslap          ||    11
  Use: Potion            ||     4
 Stab: Sleeping          ||     1
Armor: Skin              ||    32
Dodge: Dodged            ||    56

Table legend: (Time is in decaauts)
 A = Elapsed time spent in this place.
 B = Non-inter-level travel time spent in this place.
 C = Inter-level travel time spent in this place.
 D = Time resting spent in this place.
 E = Time spent auto-exploring this place.
 F = Levels seen in this place.
 G = Mean time per level.
                   A        B        C        D        E       F      G
               +--------+--------+--------+--------+--------+-----+--------+
         Total |    921 |    892 |     29 |    185 |    541 |   2 |  460.5 |
       Dungeon |    921 |    892 |     29 |    185 |    541 |   2 |  460.5 |
               +--------+--------+--------+--------+--------+-----+--------+

Top non-repeatable levels by time:
     D:1: 664 daAuts
     D:2: 256 daAuts
